Map: Golden Wall LE

Players

cure - Winner!

  • Race: Terran Terran
  • Spawn Location: 7:00

Neeb

  • Race: Protoss Protoss
  • Spawn Location: 5:00

Event: War Chest Team League

VOD

Have the link to the VOD?

Description

Time

  • Played on: Aug. 9, 2020, 7:58 a.m.
  • Length: 6:47
Show
View Real Time Build Order
Export as new Build Order

cure Terran - Winner!

Build Orders: Cyclone Opening 

Get SALT Encoding   

  12  0:00  SCV  
  13  0:12  SCV  
  14  0:18  Supply Depot  
  14  0:24  SCV  
  15  0:39  SCV  
  15  0:41  Barracks  
  16  0:45  Refinery  
  16  0:51  SCV  
  16  0:56  Refinery  
  17  1:03  SCV  
  18  1:15  SCV  
  19  1:28  Orbital Command, Reaper  
  20  1:43  Factory  
  20  1:51  Supply Depot  
  20  1:54  SCV  
  20  2:00  Barracks Reactor  
  21  2:06  SCV  
  22  2:15  Supply Depot  
  22  2:18  SCV  
  23  2:29  Factory Tech Lab  
  23  2:30  Starport, SCV  
  23  2:36  Marine x2  
  27  2:48  Cyclone  
  27  2:50  Supply Depot  
  30  2:54  Marine x2  
  31  2:59  SCV  
  31  3:11  Marine, SCV  
  31  3:12  Marine  
  29  3:20  Siege Tank  
  32  3:32  Marine  
  32  3:33  Barracks  
  32  3:34  Marine  
  33  3:53  Marine x2  
  33  3:54  Siege Tank  
  37  4:02  SCV  
  36  4:06  Supply Depot  
  36  4:10  Marine x2  
  38  4:21  Barracks Tech Lab  
  38  4:25  Medivac  
  38  4:27  Siege Tank  
  38  4:28  Marine x2  
  45  4:38  Supply Depot  
  45  4:42  Combat Shield, Marine  
  45  4:48  Marine x2  
  47  4:59  Siege Tank  
  50  5:01  Marine  
  50  5:06  Marine  
  52  5:13  Marine  
  52  5:19  Marine  
  52  5:24  Marine  
  53  5:31  Marine  
  54  5:37  Marine  
  54  5:38  Siege Tank  
  58  5:43  Marine  
  58  5:49  Marine  
  60  5:55  Marine  
  60  6:01  Marine  
  60  6:07  Marine  
  52  6:12  Marine  
  49  6:19  Marine  
  49  6:24  Marine  
Show
View Real Time Build Order
Export as new Build Order

Neeb Protoss 

Build Orders: 1 Gate Expand 

Get SALT Encoding   

  12  0:00  Probe  
  13  0:12  Probe  
  14  0:18  Pylon  
  14  0:24  Probe (Chrono Boost)  
  15  0:37  Gateway, Probe (Chrono Boost)  
  16  0:44  Probe (Chrono Boost)  
  16  0:45  Assimilator  
  17  0:51  Probe  
  18  1:03  Probe  
  19  1:16  Probe  
  20  1:25  Cybernetics Core  
  20  1:33  Nexus  
  20  1:39  Zealot (Chrono Boost)  
  22  1:46  Pylon  
  22  1:49  Probe  
  23  1:55  Assimilator  
  23  2:04  Probe  
  23  2:05  Stalker (Chrono Boost)  
  26  2:16  Probe  
  27  2:27  Stalker (Chrono Boost)  
  27  2:28  Warp Gate (Chrono Boost), Probe  
  29  2:38  Gateway  
  29  2:41  Probe  
  30  2:46  Probe  
  31  2:53  Stalker  
  33  3:00  Probe  
  33  3:03  Probe  
  35  3:12  Probe  
  34  3:15  Probe  
  35  3:20  Shield Battery  
  35  3:24  Probe  
  35  3:25  Stalker  
  38  3:27  Stalker  
  38  3:30  Probe  
  41  3:40  Gateway  
  41  3:42  Probe x2  
  43  3:54  Probe  
  42  4:02  Pylon  
  44  4:06  Probe  
  44  4:07  Probe  
  44  4:10  Robotics Facility  
  44  4:13  Stalker  
  46  4:20  Stalker, Probe (Chrono Boost)  
  46  4:21  Pylon  
  46  4:22  Probe (Chrono Boost)  
  49  4:30  Assimilator, Probe (Chrono Boost)  
  51  4:31  Probe (Chrono Boost)  
  51  4:33  Pylon  
  51  4:34  Assimilator  
  52  4:41  Sentry  
  52  4:42  Sentry  
  52  4:44  Stalker  
  57  4:52  Gateway x2  
  57  4:55  Immortal (Chrono Boost)  
  61  5:02  Pylon  
  61  5:10  Pylon  
  59  5:18  Stalker x3  
  65  5:24  Immortal (Chrono Boost)  
  69  5:33  Shield Battery  
  69  5:38  Shield Battery  
  69  5:39  Pylon  
  69  5:43  Adept x3  
  69  5:49  Pylon  
  75  6:03  Pylon  
  54  6:13  Stalker x3  
  37  6:25  Probe  
  31  6:29  Stalker x2  
Tags
 
Add a new tag
Caveats
  • Supply blocks, unpowered buildings, or Contaminate may cause inaccurate times.
  • Supply counts are checked every 10 seconds.